Cogmind - Beta 11.1 @@@ ROGUE MODE // 2022.10.06 @ 08:40:40 Player: Demise Result: Destroyed by D-53 Grenadier with Mini Grenade Launcher Performance ------------- Evolutions (0) 0 Regions Visited (2) 400 Robots Destroyed (46) 230 Value Destroyed (747) 747 Prototype IDs (4) 80 Alien Tech Used (0) 0 Bonus (8) 8 TOTAL SCORE: 1465 Bonus ------- High Alert Combat Kills 8 Cogmind --------- Core Integrity 0/250 Matter 266/300 Energy 256/265 System Corruption 0% Temperature Cool (0) Movement Treading (320) Ox2 Location -10/Mines Parts ------- > --- POWER (1) -------- Improved Ion Engine > --- PROPULSION (2) --- Improved Treads Improved Treads > --- UTILITY (2) ------ Huge Storage Unit Seismic Detector > --- WEAPON (2) ------- Autogun Autogun > --- INVENTORY (25) --- Improved Ion Engine Improved Treads Improved Treads Wheel Wheel Wheel Wheel Wheel Compact Wheel Cooling System High-capacity Storage Unit High-capacity Matter Pod (200) Experimental Sensor Array Signal Interpreter EM Pulse Gun EM Pulse Gun Particle Gun Assault Rifle Assault Rifle EMP Blaster Grenade Launcher Grenade Launcher Hammer Peak State ------------ > --- POWER ------------ Improved Ion Engine > --- PROPULSION ------- Improved Treads Improved Treads > --- UTILITY ---------- Huge Storage Unit Seismic Detector > --- WEAPON ----------- Autogun Autogun > --- INVENTORY -------- Improved Ion Engine Improved Treads Improved Treads Wheel Wheel Wheel Wheel Wheel Compact Wheel Cooling System High-capacity Storage Unit High-capacity Matter Pod Experimental Sensor Array Signal Interpreter EM Pulse Gun EM Pulse Gun Particle Gun Assault Rifle Assault Rifle EMP Blaster Grenade Launcher Grenade Launcher Hammer [Rating: 15] Favorites ----------- Power Improved Ion Engine Engine Improved Ion Engine Propulsion Wheel Treads Light Treads Leg Aluminum Leg Wheel Wheel Utility Seismic Detector Device Seismic Detector Storage Huge Storage Unit Processor Targeting Computer Protection Weapon Shielding Weapon Autogun Ballistic Gun Autogun Launcher Grenade Launcher Build | -11 -10 -10 ------- Run | Scr Mat Min Slots Evolved . | . . . Power . | . . . Propulsion . | . . . Utility . | . . . Weapon . | . . . Parts Attached 41 | 6 32 3 Power 4 | . 4 . Engine 4 | . 4 . Core . | . . . Reactor . | . . . Propulsion 10 | 2 6 2 Treads 3 | . 1 2 Leg 1 | . 1 . Wheel 6 | 2 4 . Hover . | . . . Flight . | . . . Utility 18 | 2 15 1 Device 9 | 1 7 1 Storage 4 | 1 3 . Processor 1 | . 1 . Hackware . | . . . Protection 4 | . 4 . Artifact . | . . . Weapon 9 | 2 7 . Energy Gun . | . . . Energy Cannon . | . . . Ballistic Gun 8 | 2 6 . Ballistic Cannon . | . . . Launcher 1 | . 1 . Special Weapon . | . . . Impact Weapon . | . . . Slashing Weapon . | . . . Piercing Weapon . | . . . Special Melee Weapon . | . . . Unidentified Prototypes . | . . . Parts Lost 9 | . 7 2 Power 1 | . 1 . Propulsion 4 | . 2 2 Utility 2 | . 2 . Weapon 2 | . 2 . Highest Loss Streak 3 | . 3 2 To Critical Strikes . | . . . Average Slot Usage (%) 98 | . 98 100 Engine 13 | . 13 14 Treads 1 | . 1 . Wheel 26 | . 26 27 Device 7 | . 6 14 Storage 14 | . 14 14 Processor 2 | . 2 . Protection 3 | . 3 . Ballistic Gun 27 | . 27 28 Naked Turns . | . . . Heaviest Build 94 | 9 94 94 Greatest Support 20 | 20 20 20 Greatest Overweight (x) 4 | . 4 4 Average Overweight (x) 1 | . 1 4 Largest Inventory Capacity 25 | 8 25 25 Average Capacity 16 | 6 16 25 Most Carried 25 | 8 25 25 Average Carried 14 | 5 13 24 Final Capacity 25 | 8 25 25 Final Carried 25 | 8 25 23 Class Distribution -------------------- 100% | Mutant Dominant Class ---------------- Mutant | -10/Materials Mutant | -10/Mines Resources | -11 -10 -10 ----------- Run | Scr Mat Min Matter Collected 1871 | 360 1301 210 Remotely . | . . . Salvage Created 1395 | 184 1211 . Parts 85 | 14 71 . Haulers Intercepted 2 | . 2 . Recyclers Shooed 3 | . 3 . Parts Field Recycled . | . . . Retrieved Matter . | . . . Parts Self-Destructed . | . . . Prevented . | . . . Kills | -11 -10 -10 ------- Run | Scr Mat Min Combat Hostiles Destroyed 20 | . 20 . Guns 16 | . 16 . AOE 4 | . 4 . Classes Destroyed 9 | 3 6 . Worker 9 | 1 8 . Builder 1 | . 1 . Tunneler 6 | 5 1 . Hauler 2 | . 2 . Recycler 4 | 1 3 . Operator 1 | . 1 . Watcher 3 | . 3 . Swarmer 6 | . 6 . Grunt 14 | . 14 . Best Kill Streak 8 | 4 8 . Combat Bots Only 7 | . 7 . Max Kills in Single Turn 2 | 1 2 . Gunslinging 1 | . 1 . Exploded 1 | . 1 . Melee . | . . . Uniques/NPCs Destroyed . | . . . Combat | -11 -10 -10 -------- Run | Scr Mat Min Damage Taken 1117 | . 806 311 Core 252 | . 204 48 Absorbed by Shields . | . . . Redirected to Shielding 50 | . 50 . Regen/Repaired (Parts) 31 | . 31 . Core Remaining (%) 100 | 100 . . Volleys Fired 145 | 25 117 3 Largest 2 | 2 2 2 Hottest 46 | 40 46 46 Shots Fired 286 | 50 230 6 Gun 282 | 50 226 6 Cannon . | . . . Launcher 4 | . 4 . Special . | . . . Kinetic 282 | 50 226 6 Thermal . | . . . Explosive 4 | . 4 . Electromagnetic . | . . . Robot Hit Streak 13 | 11 13 3 Robot Miss Streak 7 | 2 7 3 Penetration Max . | . . . Secondary Targets 4 | . 4 . Max Gunslinging Chain 1 | . 1 . Shots Hit Robots 171 | 33 135 3 Core Hits 60 | 11 49 . Critical Kills 1 | . 1 . Critical Parts Destroyed 1 | 1 . . Critical Strikes 2 | 1 1 . Destroy 2 | 1 1 . Melee Attacks . | . . . Impact . | . . . Slashing . | . . . Piercing . | . . . Sneak Attacks . | . . . Combat Hostiles . | . . . Follow-up Attacks . | . . . Damage Inflicted 2773 | 330 2394 49 Guns 2477 | 330 2098 49 Cannons . | . . . Explosions 296 | . 296 . Melee . | . . . Ramming . | . . . Kinetic 2477 | 330 2098 49 Thermal 113 | . 113 . Explosive 183 | . 183 . Electromagnetic . | . . . Impact . | . . . Slashing . | . . . Piercing . | . . . Highest Corruption . | . . . Average Corruption . | . . . Corruption Purged . | . . . Corruption Blocked . | . . . Overload Shots . | . . . Overflow Damage 186 | . 186 . Projectiles . | . . . Explosions 186 | . 186 . Melee . | . . . Knockbacks . | . . . Impact . | . . . Kinetic . | . . . Secondary . | . . . Self-Inflicted Damage 251 | . 251 . Shots 4 | . 4 . Rammed . | . . . Targets Rammed . | . . . Kicked . | . . . Crushed . | . . . Highest Temperature 50 | . 50 8 Average Temperature 10 | . 10 6 Received Heat Transfer 231 | . 231 . Siege Activations . | . . . Robots Corrupted . | . . . Combat Hostiles . | . . . Parts Fried . | . . . Impact Corruptions . | . . . Robots Melted . | . . . Combat Hostiles . | . . . Parts Melted . | . . . Heat Transferred 50 | . 50 . Parts Sabotaged . | . . . Parts Stolen . | . . . Parts Stripped . | . . . Power Chain Reactions . | . . . Missiles Intercepted . | . . . Alert | -11 -10 -10 ------- Run | Scr Mat Min Peak Influence 552 | 35 552 182 Initial 182 | . 22 182 Average 243 | 16 272 181 Maximum Alert Level 2 | . 2 . Low Security (%) 47 | 100 35 100 Level 1 35 | . 43 . Level 2 17 | . 21 . Level 3 . | . . . Level 4 . | . . . Level 5 . | . . . High Security . | . . . Max Security . | . . . Squads Dispatched 6 | . 6 . Investigation 6 | . 6 . Extermination . | . . . Reinforcement . | . . . Assault . | . . . Garrison . | . . . Intercept . | . . . Searches Triggered . | . . . Construction Impeded . | . . . Haulers Reinforced . | . . . Active Scanning Responses . | . . . Cargo Convoy Interrupts . | . . . Stealth | -11 -10 -10 --------- Run | Scr Mat Min Distress Signals 1 | . . 1 Communications Jammed . | . . . Distress Signals . | . . . Times Spotted 36 | . 33 3 Peak Tracking Total 5 | . 5 3 Tactical Retreats 2 | . 2 . Traps | -11 -10 -10 ------- Run | Scr Mat Min Traps Triggered 2 | . 2 . Indirectly . | . . . Trap Hack Attempts . | . . . Triggered . | . . . Disarmed . | . . . Reprogrammed . | . . . Reused . | . . . Traps Extracted . | . . . Installed . | . . . Triggered . | . . . Machines | -11 -10 -10 ---------- Run | Scr Mat Min Machines Disabled 5 | . 5 . Max in Single Turn 2 | . 2 . Machines Sabotaged . | . . . Garrisons Compromised . | . . . Overloaded Fab Kills . | . . . Hacking | -11 -10 -10 --------- Run | Scr Mat Min Machines Accessed 11 | . 11 . Terminals 8 | . 8 . Fabricators . | . . . Repair Stations 1 | . 1 . Recycling Units 2 | . 2 . Scanalyzers . | . . . Garrison Access . | . . . Total Hacks 40 | . 40 . Successful 23 | . 23 . Failed 17 | . 17 . Catastrophic 1 | . 1 . Database Lockouts . | . . . Manual 28 | . 28 . Terminals 33 | . 33 . Fabricators . | . . . Repair Stations 2 | . 2 . Recycling Units 5 | . 5 . Scanalyzers . | . . . Garrison Access . | . . . Terminal Hacks 10 | . 10 . Robot Analysis 5 | . 5 . Prototype ID Bank 2 | . 2 . Level Access Points 1 | . 1 . Branch Access Points 1 | . 1 . Terminal Index 1 | . 1 . Fabricator Hacks . | . . . Repair Station Hacks 2 | . 2 . Scan Component 1 | . 1 . Repair 1 | . 1 . Recycling Unit Hacks 2 | . 2 . Retrieve Components 2 | . 2 . Scanalyzer . | . . . Garrison Access Hacks . | . . . Unauthorized Hacks 9 | . 9 . Terminals 7 | . 7 . Botnet 6 | . 6 . Operators 1 | . 1 . Fabricators . | . . . Repair Stations . | . . . Recycling Units 2 | . 2 . Recyclers 1 | . 1 . Tunnel 1 | . 1 . Scanalyzers . | . . . Garrison Access . | . . . Data Cores Recovered . | . . . Used . | . . . Hacking Detections 9 | . 9 . Full Trace Events 3 | . 3 . Feedback Events . | . . . Feedback Blocked . | . . . Robot Schematics Acquired . | . . . Robots Built . | . . . Authchips . | . . . Time . | . . . Total Robot Build Rating . | . . . Part Schematics Acquired . | . . . Parts Built . | . . . Authchips . | . . . Time . | . . . Total Part Build Rating . | . . . Parts Repaired 1 | . 1 . Time 26 | . 26 . Parts Recycled . | . . . Recycled Matter . | . . . Retrieved Matter . | . . . Retrieved Components 11 | . 11 . Parts Scanalyzed . | . . . Part Schematics Acquired . | . . . Parts Damaged . | . . . Bothacking | -11 -10 -10 ------------ Run | Scr Mat Min Used RIF Installer . | . . . Robots Hacked . | . . . Non-combat . | . . . Combat . | . . . Robot Hacks Applied . | . . . Relay Couplers Released . | . . . Fabnet Peak Effective % . | . . . Robots Rewired . | . . . Allies Hacked . | . . . Hacks Repelled . | . . . Allies | -11 -10 -10 -------- Run | Scr Mat Min Total Allies . | . . . Largest Group . | . . . Highest-Rated Group . | . . . Highest-Rated Ally . | . . . Total Orders . | . . . Ally Attacks . | . . . Total Damage . | . . . Kills . | . . . Allies Corrupted . | . . . Allies Melted . | . . . Intel | -11 -10 -10 ------- Run | Scr Mat Min Robot Analysis Total 5 | . 5 . Derelict Logs Recovered 1 | . . 1 Drone Launches . | . . . Drone Recoveries . | . . . Exploration | -11 -10 -10 ------------- Run | Scr Mat Min Turns Passed 2031 | 155 1657 219 Spaces Moved 1316 | 83 1118 115 Core 1 | 1 . . Treads 39 | . 39 . Legs . | . . . Wheels 1276 | 82 1079 115 Hover . | . . . Flight . | . . . Fastest Speed 50 | 50 80 140 Average Speed 108 | 79 107 140 Slowest Speed 240 | 80 240 140 Overloaded Moves . | . . . Propulsion Burnouts . | . . . Robots Hopped . | . . . Cave-ins Triggered . | . . . Exploration Rate (%) 41 | 5 98 22 Regions Visited 2 Branch Regions 1 Pre-discovered Areas 1 | . 1 . Known Exits Taken 1 | . 1 . Unknown Exits Taken 1 | 1 . . Scrap Searched 1 | . . 1 Spaces Dug . | . . . Terrain Destroyed 50 | . 50 . Melee . | . . . Projectile . | . . . AOE 50 | . 50 . Terrain Rammed . | . . . Walls Destroyed . | . . . Machines Disabled . | . . . Actions | -11 -10 -10 --------- Run | Scr Mat Min Total 1682 | 124 1384 174 Wait 111 | . 70 41 Move 1314 | 82 1117 115 Hop . | . . . Pick Up 44 | 10 28 6 Fast Attach 14 | 5 9 . Attach 9 | 1 5 3 Detach 2 | . 1 1 Swap 18 | . 18 . Drop 25 | 1 19 5 Fire 145 | 25 117 3 Melee . | . . . Ram . | . . . Kick . | . . . Crush . | . . . Escape Stasis . | . . . Rewire . | . . . Trap . | . . . Miscellaneous . | . . . Route ------- -11/Scrapyard -10/Materials (discovered 5 exits: *Mat x3 / *Min x2) -10/Mines History --------- Turn | Location | Event 18 | -11/Scrapyard | Discovered new exit (range 15) 156 | -11/Scrapyard | Entered Materials 295 | -10/Materials | Repaired Lgt. Assault Rifle 316 | -10/Materials | Build established: Mutant 378 | -10/Materials | Discovered new exit (range 8) 505 | -10/Materials | Discovered new exit (range 8) 583 | -10/Materials | Identified exit to Mines 731 | -10/Materials | Destroyed 7 combat bots 1021 | -10/Materials | Discovered new exit (range 9) 1028 | -10/Materials | Identified exit to Materials 1464 | -10/Materials | Core integrity fell below 50% 1464 | -10/Materials | Core integrity fell below 20% 1494 | -10/Materials | Lost 3 parts (1u2w) 1813 | -10/Materials | Entered Mines 1869 | -10/Mines | Assembled infested the area 1874 | -10/Mines | Assisted by a Guerilla fighting off Assembled 1882 | -10/Mines | Found a damaged Exp. Sensor Array with a note attached 1886 | -10/Mines | Found Prototype Device 1991 | -10/Mines | Learned Materials terminal intel 2032 | -10/Mines | Destroyed by D-53 Grenadier with Mini Grenade Launcher Last Messages --------------- 01993_ Found Hcp. Matter Pod. 01993_ Found 26 Matter. 01993_ Found 30 Matter. 01994_ Acquired 10 matter. 01997_ Dropped Med. Matter Pod. 01997_ Acquired Hcp. Matter Pod. 01997_ Extracted 100 matter. 02000_ Acquired 20 matter. 02001_ Acquired 30 matter. 02003_ Acquired 26 matter. 02004_ K-01 Serf collects debris. 02008_ Acquired 24 matter. 02009_ K-01 Serf collects debris. 02011_ as-00612 sneak attacks. 02011_ K-01 Serf destroyed. 02024_ as-00612 destroyed. 02026_ Wheel destroyed. 02030_ The unstable cave ceiling collapses. 02031_ Wheel destroyed. 02032_ The unstable cave ceiling collapses. Map ----- +----------------------------------------------------+ | ?????????????????????????????????????????????????? | | ?????????????????????????????????????????????????? | | ?????????????????????????????????????????????????? | | ?????????????????????????????????????????????????? | | ?????????????????????????????????????????????????? | | ?????????????????????????????????????????????????? | | ?????????????????????????????????????????????????? | | ?????????????????????????????????????????????????? | | ?????????????????????????????????????????????????? | | ?????????????????????????????????????????????????? | | ?????????????????????????????????????????????????? | | ?????????????????????????????????????????????????? | | ?????????????????????????????????????????????????? | | ?????????????????????????????????????????????????? | | ?????????????????????????????????????????????????? | | ?????????????????????????????????????????????????? | | ?????????????????????????????????????????????????? | | ?????????????????????????????????????????????????? | | ?????????????????????????????????????????????????? | | ?????????????????????????????????????????????????? | | ???????????????????????######????###?????????????? | | ?????????????????????### ##??# #####?????????? | | ????????????????????## #?# ??????????? | | ????????????????????# ## #????????????? | | ????????????????##### #?????????????? | | ????????????????# @ ##????????????? | | ????????????????# dd = ##???????????? | | ????????????????# ### # =% ?????? | | ????????????????# #?## ### ####????????? | | ????????????????# #??## ##????#???????????? | | ????????????????# #???#######% #????????????????? | | ????????????????# #????????# %= #????????????????? | | ????????????????# #????????# #???????????????? | | ????????????????# #???????# #???????????????? | | ????????????????# #???????# ##???????????????? | | ??????????####### #??????? #????????????????? | | ??????????# #?????? ##????????????????? | | ??????????# #######????? ?????????????????? | | ??????????# ##?????????# ?????????????????? | | ?????????## ##?????### ?????????????????? | | ?????????# #?????# ##????????????????? | | ?????????# ##???? ###?????????????????? | | ?????????## ##??? #???###??????????????? | | ????####??## ##??# ####????# ??????????????# | | ???## ##?## #??# ##????????# #????????????? # | | ??## #??## #??# #?????????# #????????##### # | | ??# #??## ##?# #?????????# ##???##### | | ??# #### ### ###########! ##??# | | ??## ## |#### ### | | ???## ! #############[ #?# | +----------------------------------------------------+ Best States ------------- Heat Dissipation 39 Energy Generation 12 Energy Capacity 265 Matter Stores 300 Matter Capacity 300 Sight Range 16 Terrain Scan Density 10 Weapon Shielding 33 Evasion (%) 44 Targeting Accuracy 5 Recoil Reduction 1 Item Schematics ----------------- None Robot Schematics ------------------ None Fabricated ------------ Nothing Alien Tech Used ----------------- None Achievements -------------- None Challenges ------------ None Game ------ Seed SlugDeliverySegregator Manual? 0 Play Time 00:22:45 Cumulative 665.1 hours Start 2022.10.06 @ 08:19:15 End 2022.10.06 @ 08:40:40 Sessions 1 Manual Loads 0 Difficulty Rogue Special Mode None Game No. 554 Rogue 554 Adventurer 0 Explorer 0 Win Type - Total 8 Types 7/0/0/1/0/0/0/0/0 Lore% 75 Gallery% 86 Achievement% 69 Wizard Run 0 Options --------- ASCII 0 Keyboard 1 Movement Numpad Keybinds 0 Fullscreen 1 Font 12/Terminus Map View 83x54 Tactical HUD 1 Map Filters NONE Filters NONE Steam 1 RUN: 1a3f9e92-c4c7-4229-a44c-536ff0215b29